 Dungeon Crawl Stone Soup version 0.22-a0-407-gb098539 (webtiles) character file.

735 dstrtnsr the Cleaver (level 7, -1/64 HPs)
             Began as a Hill Orc Berserker on May 9, 2018.
             Was a Believer of Trog.
             Slain by a wight
             ... wielding a +0 scimitar
              (7 damage)
             ... on level 7 of the Dungeon.
             The game lasted 00:03:11 (4256 turns).

dstrtnsr the Cleaver (Hill Orc Berserker)           Turns: 4256, Time: 00:03:12

Health: -1/64      AC: 10    Str: 22    XL:     7   Next: 74%
Magic:  7/7        EV:  9    Int:  7    God:    Trog [**....]
Gold:   143        SH:  0    Dex: 10    Spells: 6/6 levels left

rFire    + . .     SeeInvis .   a - +0 hand axe
rCold    + . .     Gourm    .   (no shield)
rNeg     . . .     Faith    .   p - +0 chain mail
rPois    .         Spirit   .   (no helmet)
rElec    .         Reflect  .   o - scarf {rC+ rF+}
rCorr    .         Harm     .   j - +1 pair of gloves
MR       .....                  (no boots)
Stlth    ..........             (no amulet)
HPRegen  0.20/turn              c - +2 ring of evasion
MPRegen  0.10/turn              (no ring)

@: berserk cooldown, slowed, heavily drained, very slow
A: no striking features
a: Berserk, Trog's Hand, Renounce Religion


You were on level 7 of the Dungeon.
You worshipped Trog.
Trog was pleased with you.
You were hungry.

You visited 1 branch of the dungeon, and saw 7 of its levels.

You collected 143 gold pieces.

Inventory:

Hand Weapons
 a - a +0 hand axe (weapon)
Armour
 j - a +1 pair of gloves (worn)
 o - a scarf of resistance (worn)
 p - a +0 chain mail (worn)
Jewellery
 c - a +2 ring of evasion (left hand)
Scrolls
 d - 2 scrolls of identify {@r1}
 h - a scroll of remove curse {@r2}
 i - a scroll of fear {unknown}
 k - a scroll of teleportation {unknown}
 l - a scroll of immolation {unknown}
 n - 2 scrolls of enchant weapon {unknown}
Potions
 b - a potion of flight {unknown}
 f - a potion of heal wounds
 g - a potion of haste {unknown}
 m - a potion of curing {unknown}
Comestibles
 e - 3 rations {!d}
 q - 3 chunks of flesh


   Skills:
 + Level 6.7(5.2) Fighting
 * Level 9.7(8.0) Axes
 - Level 2.1(0.8) Armour
 - Level 1.5(0.2) Dodging


You had 6 spell levels left.
You didn't know any spells.

Dungeon Overview and Level Annotations

Branches:
Dungeon (7/15)
 Temple: D:4-7

Altars:
Cheibriados
Elyvilon
Hepliaklqana
Okawaru
Qazlal
Ru
The Shining One

Annotations:
D:6 1 runed door, Gorglomux's ghost, novice TrMo


Message History

Gorglomux's ghost hits you!!
* * * LOW HITPOINT WARNING * * *
You barely miss Gorglomux's ghost.
Gorglomux's ghost is heavily damaged.
You are no longer berserk.
You are exhausted.
You feel yourself slow down. 2 wights come into view.
You slash Gorglomux's ghost!
Gorglomux's ghost is severely damaged.
The wight throws a stone.
The stone hits you but does no damage. Gorglomux's ghost barely misses you.
You closely miss Gorglomux's ghost.
Gorglomux's ghost is heavily damaged.
Your chain mail prevents you from hitting the wight.
Gorglomux's ghost hits you but does no damage.
The wight barely misses you.
Gorglomux's ghost swings its fists at you.
Gorglomux's ghost closely misses you.
Unknown command.
Okay, then.
As you read the scroll labeled YLEINLU IZXA, it crumbles to dust.
It is a scroll of identify.
f - 4 potions of heal wounds The wight hits you with an enchanted hand axe.
* * * LOW HITPOINT WARNING * * *
You feel drained.
Unknown command.
You feel much better. The wight barely misses you. The wight misses you.
You feel much better. Gorglomux's ghost barely misses you.
The wight closely misses you.
The wight hits you with an enchanted hand axe.
You feel drained. Gorglomux's ghost barely misses you.
The wight hits you with a scimitar. The wight hits you but does no damage.
You feel much better.
The wight hits you but does no damage. x2
Gorglomux's ghost barely misses you.
The wight hits you but does no damage. x2
The wight closely misses you.
The wight throws a stone.
The stone barely misses you. The wight closely misses you.
The wight throws a stone.
The stone hits you but does no damage.
You see here a stone.
The wight hits you with an enchanted dire flail!
The wight hits you but does no damage. The wight hits you with a scimitar!
You feel drained. The wight hits you but does no damage.
Gorglomux's ghost closely misses you.
There is an escape hatch in the floor here.
The wight hits you with a scimitar. The wight completely misses you.
You slide downwards.
The hatch slams shut behind you.
The ghost fades into the shadows.
Gorglomux's ghost disappears!
You hear the hiss of flowing sand.
There is an entrance to an ossuary on this level.
Hurry and find it before the portal is buried!
An adder comes into view.
The adder hisses angrily.
Found a scroll labeled DESOOP AROKKO.
Found a stone staircase leading down.
You hit the wight.
The wight is moderately damaged.
You hit the wight but do no damage. You closely miss the wight.
The wight closely misses you. The wight hits you with a scimitar.
The wight hits you but does no damage. x2
You hit the wight but do no damage.
The wight is moderately damaged.
You hit the wight. You barely miss the wight.
The wight hits you with a scimitar!
You feel drained.
The wight hits you with an enchanted hand axe.
* * * LOW HITPOINT WARNING * * *
The wight hits you with a scimitar!
* * * LOW HITPOINT WARNING * * *
You feel drained.
* * * LOW HITPOINT WARNING * * *
You are too injured to fight recklessly!
You are too injured to fight recklessly!
You are too injured to fight recklessly!
Unknown command.
A phantom comes into view.
The wight hits you with a scimitar.
* * * LOW HITPOINT WARNING * * *
The wight hits you with a scimitar.
* * * LOW HITPOINT WARNING * * *
The wight closely misses you. The adder closely misses you.
The wight throws a stone.
The stone hits you but does no damage.
You see here a stone.
Unknown command.
The adder barely misses you. The wight barely misses you.
The wight throws a stone.
The stone hits you but does no damage. The adder barely misses you.
Unknown command.
What are your orders? t - Shout!
Orders for allies: a - Attack new target. r - Retreat! s - Stop attacking. g - Guard the area. f - Follow me.
Anything else - Cancel.
Okay, then.
The adder bites you but does no damage.
The wight throws a stone.
The stone barely misses you. The wight barely misses you.
The adder closely misses you.
The wight throws a stone.
The stone barely misses you. The wight hits you with a scimitar!
You die...

. ##########..
#.z.........
#@z...?.....
#.S.........
#.z.........
#W..........
...............
................
..W.............
................
................


You could see a phantom, 3 wights and an adder.

Vanquished Creatures
  Eustachio (D:4)
  The ghost of KristoblXynda the Ruffian, an amateur TrWz (D:3)
  A phantom (D:5)
  A centaur (D:6)
  2 scorpions
  A jelly (D:5)
  A worker ant (D:5)
  Natasha (twice) (D:2)
  A worker ant zombie (D:5)
  7 adders
  An ooze (D:5)
  A worm (D:2)
  6 orcs (D:3)
  6 goblins
  8 hobgoblins
  4 kobolds
  2 quokkas
  2 bats
  5 frilled lizards
  3 rats
56 creatures vanquished.

Notes
Turn   | Place    | Note
-------+----------+-------------------------------------------
     0 | D:1      | dstrtnsr the Hill Orc Berserker began the quest for the Orb.
     0 | D:1      | Reached XP level 1. HP: 19/19 MP: 1/1
    13 | D:1      | HP: 6/20 [hobgoblin/club (6)]
   276 | D:1      | HP: 8/20 [hobgoblin (5)]
   282 | D:1      | HP: 5/30 [bat (1)]
   288 | D:1      | HP: 2/20 [bat (1)]
   296 | D:1      | HP: 2/20 [bat (1)]
   303 | D:1      | HP: 1/20 [bat (1)]
   769 | D:2      | Reached XP level 2. HP: 17/27 MP: 2/2
   812 | D:2      | Reached skill level 5 in Axes
   812 | D:2      | Reached XP level 3. HP: 24/33 MP: 3/3
   982 | D:2      | Found a hazy altar of Hepliaklqana.
  1325 | D:2      | Reached XP level 4. HP: 40/41 MP: 4/4
  1436 | D:2      | Noticed Natasha
  1445 | D:2      | Killed Natasha
  1445 | D:2      | Reached ** piety under Trog
  1445 | D:2      | Reached skill level 6 in Axes
  1652 | D:2      | Noticed Natasha
  1658 | D:2      | Killed Natasha
  1749 | D:2      | Reached XP level 5. HP: 47/47 MP: 5/5
  1800 | D:3      | Noticed KristoblXynda's ghost (amateur TrWz)
  1810 | D:3      | Killed KristoblXynda's ghost
  1810 | D:3      | Reached skill level 5 in Fighting
  1810 | D:3      | Reached skill level 7 in Axes
  2091 | D:3      | Reached XP level 6. HP: 56/56 MP: 6/6
  2578 | D:4      | Noticed Eustachio
  2588 | D:4      | Killed Eustachio
  2588 | D:4      | Reached skill level 8 in Axes
  2820 | D:4      | Found an iron altar of Okawaru.
  3192 | D:4      | Found a stormy altar of Qazlal.
  3193 | D:4      | Found a white marble altar of Elyvilon.
  3200 | D:4      | Found a sacrificial altar of Ru.
  3343 | D:4      | Found an iron altar of Okawaru.
  3344 | D:4      | Found a snail-covered altar of Cheibriados.
  3618 | D:5      | Entered Level 5 of the Dungeon
  3618 | D:5      | Noticed a phantom
  3649 | D:5      | Killed a phantom
  3649 | D:5      | Reached XP level 7. HP: 62/63 MP: 7/7
  3837 | D:5      | HP: 25/63 [acid (5)]
  3838 | D:5      | Reached skill level 9 in Axes
  4039 | D:6      | Found a glowing golden altar of the Shining One.
  4045 | D:6      | Found a runed door.
  4045 | D:6      | Noticed an angel
  4215 | D:6      | Noticed Gorglomux's ghost (novice TrMo)
  4229 | D:6      | HP: 33/96 [Gorglomux's ghost (19)]
  4236 | D:6      | HP: 7/96 [Gorglomux's ghost (18)]
  4251 | D:7      | HP: 22/64 [wight/scimitar (8)]
  4251 | D:7      | HP: 10/64 [wight/scimitar (7)]
  4256 | D:7      | Slain by a wight

Vault maps used:
D:1:      dpeg_arrival_radiant
D:2:      lemuel_crystal_altar, corexii_corridor_pit, uniq_natasha
D:4:      minitemple, first_ration, okawaru_metal_pillars_1_2, uniq_eustachio
D:5:      uniq_blork_the_orc
D:6:      grunt_temple_overflow_growth_and_decay, lemuel_angel_altar
D:7:      lemuel_coloured_pillars_altar, nicolae_overflow_hidden_temple,
          minmay_temple_entry_statues_pillars, enter_ossuary_1

Skill      XL: |  1  2  3  4  5  6  7 |
---------------+----------------------+-----
Fighting       | 4 5 6 |  6.7
Axes           | 5 6 7 8 9 |  9.7
Armour         | |  2.1
Dodging        | |  1.5

Action                   |  1- 3 |  4- 6 |  7- 9 || total
-------------------------+-------+-------+-------++-------
Melee: Hand axe          |    96 |    97 |    77 ||   270
Invok: Berserk           |     4 |     6 |     1 ||    11
  Use: Scroll            |       |     1 |     1 ||     2
       Potion            |       |       |     3 ||     3
 Stab: Sleeping          |       |     1 |       ||     1
  Eat: Chunk             |     5 |     5 |     3 ||    13
       Ration            |       |     2 |       ||     2
Armor: Animal skin       |    16 |    15 |       ||    31
       Chain mail        |       |     8 |    37 ||    45
Dodge: Dodged            |    77 |    62 |    53 ||   192

Table legend:
 A = Spawn XP
 B = Non-spawn XP
 C = Spawn XP percentage of total XP
 D = Spawn monster count
 E = Non-spawn monster count
 F = Spawn count percentage of total count
 G = Total turns spent on level
                    A         B        C        D         E        F      G
               +---------+---------+-------+---------+---------+-------+---------
         Total |       0 |    1051 |   0.0 |       0 |      56 |   0.0 |  4256
               +---------+---------+-------+---------+---------+-------+---------
           D:1 |       0 |       9 |   0.0 |       0 |       5 |   0.0 |   761
           D:2 |       0 |     160 |   0.0 |       0 |      21 |   0.0 |  1025
           D:3 |       0 |     186 |   0.0 |       0 |      19 |   0.0 |   647
           D:4 |       0 |     211 |   0.0 |       0 |       1 |   0.0 |  1185
           D:5 |       0 |     294 |   0.0 |       0 |       8 |   0.0 |   391
           D:6 |       0 |     191 |   0.0 |       0 |       2 |   0.0 |   240
               +---------+---------+-------+---------+---------+-------+---------
